 Dungeon Crawl Stone Soup version 0.26.1-11-gd32895ea62 (webtiles) character file.

Game seed: 15733155413117779752

175 dtburroughs the Chopper (level 5, -3/47 HPs)
             Began as a Minotaur Berserker on June 25, 2021.
             Was a Believer of Trog.
             Killed by nerve-wracking pain
             ... invoked by an orc priest
              (14 damage)
             ... on level 3 of the Dungeon.
             The game lasted 00:03:40 (3703 turns).

dtburroughs the Chopper (Minotaur Berserker)        Turns: 3703, Time: 00:03:41

Health: -3/47      AC:  2    Str: 22    XL:     5   Next: 29%
Magic:  4/4        EV: 13    Int:  5    God:    Trog [**....]
Gold:   123        SH:  0    Dex:  9    Spells: 4/4 levels left

rFire    . . .     SeeInvis .   a - +0 hand axe
rCold    . . .     Faith    .   (no shield)
rNeg     . . .     Spirit   .   b - +0 animal skin
rPois    .         Reflect  .   (helmet restricted)
rElec    .         Harm     .   (no cloak)
rCorr    .         Rampage  .   (no gloves)
Will     .....                  (no boots)
Stlth    +.........             (no amulet)
HPRegen  0.15/turn              (no ring)
MPRegen  0.09/turn              (no ring)

@: no status effects
A: retaliatory headbutt, horns 2
a: Renounce Religion, Berserk, Trog's Hand


You were on level 3 of the Dungeon.
You worshipped Trog.
Trog was pleased with you.
You visited 1 branch of the dungeon, and saw 3 of its levels.

You collected 123 gold pieces.

Inventory:

Hand Weapons
 a - a +0 hand axe (weapon)
Armour
 b - a +0 animal skin (worn)
 j - a +0 cloak
 r - a +0 pair of gloves
Jewellery
 h - an uncursed ring of positive energy {unknown}
 i - a +6 ring of strength {unknown}
 n - an uncursed ring of protection from cold {unknown}
 q - an uncursed ring of resist corrosion {unknown}
Scrolls
 c - 2 scrolls of remove curse {unknown}
 f - 2 scrolls of identify {unknown}
 g - a scroll of enchant armour {unknown}
 k - a scroll of amnesia {unknown}
 m - 2 scrolls of immolation {unknown}
 o - 4 scrolls of fear {unknown}
 p - a scroll of teleportation {unknown}
Potions
 d - 2 potions of curing {unknown}
 e - 2 potions of degeneration {unknown}
 l - a potion of attraction {unknown}
 s - a potion of might {unknown}


   Skills:
 + Level 4.8 Fighting
 + Level 4.8 Axes
 + Level 3.9 Armour
 + Level 3.5 Dodging


You had 4 spell levels left.
You didn't know any spells.
Your spell library was empty.

Dungeon Overview and Level Annotations

Branches:
Dungeon (3/15)

Altars:
Fedhas
Gozag
Qazlal

Annotations:
D:3 2 transporters, oc3rt's ghost, amateur KoHu


Innate Abilities, Weirdness & Mutations

You reflexively headbutt those who attack you in melee.
You have a pair of horns on your head.


Message History

The orc is lightly wounded.
The orc misses you.
You hit the orc but do no damage. You headbutt the orc.
The orc is heavily wounded.
The orc priest invokes the aid of Beogh against you.
Beogh smites you!
* * * LOW HITPOINT WARNING * * *
The orc barely misses you.
You closely miss the orc. You headbutt the orc.
The orc is heavily wounded.
Your skin stops crawling.
You feel less strong-willed. The orc hits you but does no damage.
You hit the orc.
You kill the orc!
Trog accepts your kill. The bat hits you but does no damage.
You hit the bat but do no damage. The bat hits you but does no damage.
The orc priest mumbles some strange prayers to Beogh against you.
Pain shoots through your body!
You die...

...............≈.§^§§
.....^........≈##§≈..
....########...###^.≈
..†.#.....#....^.≈...
.©.©.†)..<#....^≈≈....^.
#########.#....§..._....
..?!..OO#.÷...≈..≈...^≈.
.#.#.W#.#.##...###^...≈
#...##..#....bo)@#≈..##
#...
#..#......###≈.≈§##^ #
.#.#
.#.#...(...≈..........
..©
...©##...(..o.........#
#.................
#.................
#.......o.##......
#.........((?.....
#.................


You could see an orc priest and a bat.

Vanquished Creatures
  7 gnolls (D:3)
  2 adders (D:2)
  2 oozes
  A worm (D:2)
  A dart slug (D:2)
  5 leopard geckos
  4 orcs (D:3)
  2 giant cockroaches
  4 goblins
  8 hobgoblins
  8 jackals (D:3)
  A quokka (D:3)
  A ball python (D:1)
  6 bats
  5 frilled lizards
  4 kobolds
  5 rats (D:2)
66 creatures vanquished.

Vanquished Creatures (others)
  A ball python (D:3)
1 creature vanquished.

Grand Total: 67 creatures vanquished

Notes
Turn   | Place    | Note
-------+----------+-------------------------------------------
     0 | D:1      | dtburroughs the Minotaur Berserker began the quest for the
                  | Orb.
     0 | D:1      | Reached XP level 1. HP: 19/19 MP: 0/0
   409 | D:1      | Reached XP level 2. HP: 27/27 MP: 1/1
  1204 | D:2      | Reached XP level 3. HP: 33/33 MP: 2/2
  1338 | D:2      | Reached ** piety under Trog
  1421 | D:2      | Found a blossoming altar of Fedhas.
  1889 | D:2      | Found an opulent altar of Gozag.
  2464 | D:2      | Reached XP level 4. HP: 36/40 MP: 3/3
  3081 | D:3      | Found a transporter.
  3084 | D:3      | Reached XP level 5. HP: 11/47 MP: 4/4
  3349 | D:3      | Noticed Sigmund
  3437 | D:3      | Noticed oc3rt's ghost (amateur KoHu)
  3439 | D:3      | Noticed an ogre
  3440 | D:3      | Noticed an ogre
  3441 | D:3      | Found a transporter.
  3441 | D:3      | Noticed an ogre
  3452 | D:3      | Found a stormy altar of Qazlal.
  3703 | D:3      | Killed from afar by an orc priest

Illustrated notes

Levels and vault maps discovered:
D:1:      erik_arrival_orb_chamber, layout_basic
D:2:      layout_basic, grunt_gozag_breadcrumbs, lemuel_doored_altar
D:3:      layout_basic, lemuel_coloured_pillars_altar,
          nicolae_overflow_crystal_walls, grunt_qazlal_sundering,
          gammafunk_ghost_smash, uniq_jessica, uniq_sigmund

Skill      XL: |  1  2  3 |
---------------+----------+-----
Axes           | 4 |  4.8
Fighting       | 4 |  4.8
Armour         | 3 |  3.9
Dodging        | 3 |  3.5

Action                   |  1- 3 |  4- 6 || total
-------------------------+-------+-------++-------
Melee: Hand axe          |    79 |    65 ||   144
       Headbutt          |    12 |    14 ||    26
Invok: Trog's Hand       |     1 |     1 ||     2
       Berserk           |       |     2 ||     2
 Stab: Sleeping          |     1 |       ||     1
Armor: Animal skin       |    17 |     9 ||    26
Dodge: Dodged            |    49 |    67 ||   116
